AoeStats
← Welsh91Wizard

Nomad

508293290Analyzed
3v3 RM · 9d ago on Sep 21, 2026· 33m 59s· 6 players
Game mode
Random Map
Map size
210×210
Population
200
Speed
Normal
Resources
Standard
Victory
Conquest
Starting age
Dark Age
Ending age
Imperial Age
RankedLock teamsTeams togetherTeam positionsShared explorationLock speedFull tech treeHidden civsTurbo modeCheats
Victory
Defeat
🇮🇹 Malay · Italy
1383
+14
🇬🇧 Burmese · United Kingdom
1361
+15
🇨🇦 Tatars · Canada
1209
+21
🇧🇪 Burgundians · Belgium
1367
-18
🇧🇪 Goths · Belgium
1348
-17
🇧🇪 Jurchens · Belgium
1300
-15
Welsh91Wizard
11:02 Loom
12:48 Feudal Age
14:42 Horse Collar
19:37 Castle Age
21:12 Heavy Plow
22:08 Double-Bit Axe
24:17 Bow Saw
29:04 Wheelbarrow
28:51 Gold Mining
29:06 Padded Archer Armor
30:20 Gold Shaft Mining
30:35 Hand Cart
30:54 Fletching
33:03 Ballistics
33:14 Bodkin Arrow
33:35 Leather Archer Armor
33:43 Town Watch
36:48 Imperial Age
NEXT_LEVER
4:40 Loom
14:03 Feudal Age
18:00 Castle Age
19:44 Horse Collar
21:54 Fishing Lines
27:34 Wheelbarrow
32:21 Imperial Age
31:05 Bloodlines
30:58 Husbandry
31:01 Fletching
32:09 Ballistics
32:49 Hand Cart
32:19 Town Watch
32:37 Bodkin Arrow
32:47 Cavalier
33:13 Light Cavalry
34:02 Scale Barding Armor
tagliola23
11:10 Loom
13:14 Feudal Age
13:49 Double-Bit Axe
16:06 Fishing Lines
16:54 Town Watch
19:31 Castle Age
18:20 Gold Mining
19:24 Bow Saw
19:28 Gillnets
21:04 Medium Warships
21:40 Clinker Construction
23:22 Horse Collar
25:18 Stone Mining
25:59 Careening
28:06 Wheelbarrow
33:01 Imperial Age
30:24 Crossbowman
31:42 Gold Shaft Mining
31:52 Ballistics
34:01 Masonry
DR. DERB
3:00 Loom
14:08 Feudal Age
16:38 Double-Bit Axe
19:27 Castle Age
20:25 Bow Saw
20:15 Man-at-Arms
21:07 Forging
20:57 Scale Mail Armor
23:13 Fishing Lines
25:14 Medium Warships
25:06 Long Swordsman
25:46 Squires
30:05 Horse Collar
34:05 Imperial Age
33:24 Iron Casting
34:25 Masonry
draxa
3:12 Loom
5:18 Loom
13:18 Feudal Age
13:58 Double-Bit Axe
14:06 Gold Mining
17:03 Forging
23:05 Castle Age
26:19 Iron Casting
26:05 Bloodlines
26:06 Scale Barding Armor
31:20 Chain Barding Armor
31:56 Horse Collar
34:22 Gold Shaft Mining
The Barbarian_BE
3:26 Loom
11:10 Double-Bit Axe
15:09 Feudal Age
20:11 Castle Age
18:22 Horse Collar
20:50 Bow Saw
26:44 Wheelbarrow
28:04 Two-Man Saw
27:22 Heavy Plow
28:38 Crop Rotation
28:58 Town Watch
29:18 Gold Mining
30:06 Fletching
30:07 Elite Skirmisher
30:47 Padded Archer Armor
30:45 Bodkin Arrow
31:00 Padded Archer Armor
31:46 Pikeman
32:27 Scale Mail Armor
33:52 Gold Shaft Mining
Connection lost

Rejoining the realm…

Still unreachable

The connection could not be restored.

Session expired

The server has moved on; the page needs a fresh start.